 Dungeon Crawl Stone Soup version 0.30-a0-953-g5f1da4a474 (webtiles) character file.

Game seed: 5577510207484526356

270120 hikkokomori the Marksgargoyle (level 20, -22/118 HPs)
             Began as a Gargoyle Hunter on Mar 23, 2023.
             Was the Champion of Hepliaklqana.
             Killed from afar by a deep elf elementalist (35 damage)
             ... with a freezing blast
             ... on level 3 of the Elven Halls on Mar 29, 2023.
             The game lasted 01:36:12 (30175 turns).

hikkokomori the Marksgargoyle (Gargoyle Hunter)    Turns: 30175, Time: 01:36:13

Health: -22/118    AC: 29    Str: 18    XL:     20   Next: 20%
Magic:  26/32      EV: 26    Int: 15    God:    Hepliaklqana [******]
Gold:   3358       SH:  0    Dex: 22    Spells: 18/36 levels left

rFire   + + +      SeeInvis .    F - +9 longbow of the Rattlesnake {drain, rF+++ Str+2 Int-4}
rCold   . . .      Faith    .    (shield currently unavailable)
rNeg    + + +      Spirit   .    E - +1 robe of Vines {NoPotionHeal Regen++++}
rPois   ∞          Reflect  .    p - +1 helmet
rElec   +          Rampage  .    r - +0 cloak
rCorr   .                        D - +0 pair of gloves of Necwy {*Slow rPois rF+ Regen+}
Will    ++...                    O - +0 pair of boots {Fly}
Stlth   ++++                     W - amulet "Zufyarph" {Regen+ Int+3 Dex+3}
HPRegen 5.19/turn                f - +4 ring of protection
MPRegen 0.23/turn                U - ring of the Rabble {rN+++ Will+ EV+5 Int+4 Stlth-}

@: wereblooded, flying, studying Unarmed Combat
A: reduced essence, sickness immunity, AC +15, big wings, negative energy
resistance 1, electricity resistance, torment resistance 1, petrification
resistance
}: 2/15 runes: decaying, gossamer
a: Renounce Religion, Recall Ancestor, Ancestor Identity, Transference, Idealise


You were on level 3 of the Elven Halls.
You worshipped Hepliaklqana.
Hepliaklqana was exalted by your worship.
You visited 7 branches of the dungeon, and saw 34 of its levels.
You also visited: Bailey, Gauntlet and Ice Cave.

You collected 4500 gold pieces.
You spent 1142 gold pieces at shops.

Inventory:

Hand Weapons
 F - the +9 longbow of the Rattlesnake (weapon) {drain, rF+++ Str+2 Int-4}
   (You acquired it on level 4 of the Lair of Beasts)

   Str:       It affects your strength (+2).
   Int:       It affects your intelligence (-4).
   rF:        It renders you almost immune to fire.
 G - a +0 heavy arbalest
Missiles
 v - 3 curare-tipped darts (quivered)
 X - 3 boomerangs of dispersal
Armour
 m - a +2 pair of gloves of stealth
 p - a +1 helmet (worn)
 r - a +0 cloak (worn)
 D - the +0 pair of gloves of Necwy (worn) {*Slow rPois rF+ Regen+}
   (You found it on level 5 of the Dungeon)

   rF:        It protects you from fire.
   rPois:     It protects you from poison.
   Regen:     It increases your rate of health regeneration.
   *Slow:     It may slow you when you take damage.
 E - the +1 robe of Vines (worn) {NoPotionHeal Regen++++}
   (You found it on level 12 of the Dungeon)

   NoPotionHeal: Its wearer cannot be healed by potions.
   Regen:     It increases your rate of health regeneration.
 K - the +8 ring mail of Evvasch {Dex+2}
   (You found it on level 12 of the Dungeon)

   Dex:       It affects your dexterity (+2).
 O - a +0 pair of boots of flying (worn)
Magical Staves
 a - the staff of fire "Gaer" {rF+ Will+ Int+4}
   (You found it on level 4 of the Spider Nest)

   [staff of fire]

   Base accuracy: +5 Base damage: 5 Base attack delay: 1.2 This weapon's minimum
   attack delay (0.6) is reached at skill level 12.
   Int:       It affects your intelligence (+4).
   rF:        It protects you from fire.
   Will:      It increases your willpower.
   It falls into the 'Staves' category.
   It is a one-handed weapon.
Jewellery
 f - a +4 ring of protection (left hand)
 j - a ring of protection from fire
 u - an amulet of reflection
 x - an amulet of magic regeneration
 H - the ring of Asceticism {*Slow rCorr MP+9 Str+4 Dex+4}
   (You found it on level 1 of the Swamp)

   [ring of magical power]

   Str:       It affects your strength (+4).
   Dex:       It affects your dexterity (+4).
   MP:        It affects your magic capacity (+9).
   rCorr:     It protects you from acid and corrosion.
   *Slow:     It may slow you when you take damage.
 S - a +5 ring of evasion
 U - the ring of the Rabble (right hand) {rN+++ Will+ EV+5 Int+4 Stlth-}
   (You found it in a Gauntlet)

   [ring of evasion]

   EV:        It affects your evasion (+5).
   Int:       It affects your intelligence (+4).
   rN:        It renders you almost immune to negative energy.
   Will:      It increases your willpower.
   Stlth:     It makes you less stealthy.
 V - a +6 ring of intelligence
 W - the amulet "Zufyarph" (around neck) {Regen+ Int+3 Dex+3}
   (You found it in a Gauntlet)

   [amulet of regeneration]

   Int:       It affects your intelligence (+3).
   Dex:       It affects your dexterity (+3).
   Regen:     It increases your rate of health regeneration.
Wands
 k - a wand of flame (80)
 t - a wand of paralysis (35)
 A - a wand of digging (19)
 B - a wand of quicksilver (6)
 I - a wand of roots (22)
 L - a wand of polymorph (4)
 Y - a wand of mindburst (12)
Scrolls
 d - 5 scrolls of fog
 e - 5 scrolls of teleportation
 n - 2 scrolls of magic mapping
 s - 7 scrolls of fear
 y - 4 scrolls of amnesia
 C - 8 scrolls of poison
 M - 4 scrolls of immolation
 N - a scroll of brand weapon
 Z - 2 scrolls of vulnerability
Potions
 b - 5 potions of brilliance
 c - 9 potions of flight
 h - 7 potions of lignification
 i - 4 potions of heal wounds
 l - 2 potions of cancellation
 o - 11 potions of haste
 q - 6 potions of attraction
 w - 5 potions of magic
 z - 8 potions of ambrosia
 J - 4 potions of might
 P - 3 potions of berserk rage
 Q - 4 potions of invisibility
 R - 4 potions of mutation
 T - 10 potions of curing
Miscellaneous
 g - a condenser vane (inert)


   Skills:
 + Level 16.7 Fighting
 + Level 16.9 Ranged Weapons
 - Level 7.0 Armour
 - Level 11.2 Dodging
 + Level 10.7 Stealth
 + Level 8.9 Spellcasting
 - Level 5.7 Conjurations
 + Level 12.4 Summonings
 - Level 2.6 Translocations
 - Level 4.7 Transmutations
 - Level 7.6 Invocations
 + Level 10.6 Evocations


You had 18 spell levels left.
You knew the following spells:

 Your Spells              Type           Power      Damage    Failure   Level
a - Summon Cactus Giant   Summ           21%        N/A       11%         6
b - Wereblood             Tmut           20%        N/A       2%          2
c - Summon Forest         Summ/Tloc      14%        N/A       14%         5
d - Freezing Cloud        Conj/Ice/Air   6%         6-21      80%         5

Your spell library contained the following spells:

 Spells                   Type           Power      Damage    Failure   Level
 Beastly Appendage        Tmut           40%        N/A       1%          1
 Magic Dart               Conj           92%        1d7       1%          1
 Call Imp                 Summ           43%        N/A       1%          2
 Kiss of Death            Conj/Necr      60%        2d10      3%          1
 Shock                    Conj/Air       60%        1d6       3%          1
 Lesser Beckoning         Tloc           28%        N/A       5%          2
 Static Discharge         Conj/Air       30%        2-4/arc   5%          2
 Passwall                 Tmut/Erth      10%        N/A       6%          2
 Summon Ice Beast         Ice/Summ       25%        N/A       9%          4
 Sandblast                Erth           12%        2d6       11%         1
 Dazzling Flash           Conj/Hex       30%        N/A       11%         3
 Gell's Gravitas          Tloc           14%        N/A       11%         3
 Stone Arrow              Conj/Erth      30%        3d8       11%         3
 Teleport Other           Tloc           14%        N/A       11%         3
 Spider Form              Tmut/Pois      13%        N/A       13%         3
 Mephitic Cloud           Conj/Pois/Air  12%        N/A       16%         3
 Poisonous Vapours        Pois/Air       12%        N/A       17%         2
 Scorch                   Fire           12%        2d5       17%         2
 Ignite Poison            Fire/Tmut/Pois 11%        N/A       17%         3
 Portal Projectile        Hex/Tloc       20%        N/A       19%         3
 Vhi's Electric Charge    Tloc/Air       20%        N/A       19%         3
 Iskenderun's Mystic Bla  Conj/Tloc      19%        2d6       21%         4
 Kindle Blastsparks       Fire/Tloc/Air  18%        2d11      22%         3
 Summon Mana Viper        Hex/Summ       25%        N/A       24%         5
 Confusing Touch          Hex            6%         N/A       32%         3
 Frozen Ramparts          Ice            12%        1d2       32%         3
 Ozocubu's Armour         Ice            6%         N/A       32%         3
 Swiftness                Air            6%         N/A       32%         3
 Tukima's Dance           Hex            6%         N/A       32%         3
 Flame Wave               Conj/Fire      15%        2d7       34%         4
 Sticky Flame             Conj/Fire      15%        2d4       34%         4
 Irradiate                Conj/Tmut      11%        3d15      34%         5
 Ice Form                 Ice/Tmut       13%        N/A       38%         4
 Petrify                  Tmut/Erth      13%        N/A       38%         4
 Blade Hands              Tmut           10%        N/A       41%         5
 Arcjolt                  Conj/Air       7%         1d17      67%         5
 Airstrike                Air            3%         2d(1-17)  73%         4
 Anguish                  Hex/Necr       3%         N/A       73%         4
 Dispel Undead            Necr           6%         3d8       73%         4
 Leda's Liquefaction      Hex/Erth       3%         N/A       73%         4
 Alistair's Intoxication  Tmut/Pois      8%         N/A       75%         5
 Borgnjor's Vile Clutch   Necr/Erth      3%         N/A       97%         5
 Lee's Rapid Deconstruct  Erth           3%         3d5*      97%         5
 Plasma Beam              Fire/Air       3%         2x1d9     97%         5
 Conjure Ball Lightning   Conj/Air       7%         3x3d6     99%         6
 Starburst                Conj/Fire      7%         6d4       99%         6
 Eringya's Noxious Bog    Tmut/Pois      6%         N/A       100%        6
 Enfeeble                 Hex            3%         N/A       100%        7
 Ozocubu's Refrigeration  Ice            3%         4d8       100%        7
 Ignition                 Fire           3%         3d4       100%        8
 Cigotuvi's Dreadful Rot  Necr/Pois/Air  Unusable   N/A       N/A         2
 Sublimation of Blood     Necr           Unusable   N/A       N/A         2
 Statue Form              Tmut/Erth      Unusable   N/A       N/A         6

Dungeon Overview and Level Annotations

Branches:
Dungeon (15/15)            Temple (1/1) D:5            Lair (5/5) D:11
  Swamp (4/4) Lair:3       Spider (4/4) Lair:3        Slime (0/5) Lair:5
    Orc (2/2) D:12            Elf (3/3) Orc:2        Vaults (0/5) D:14
 Depths (0/4) D:15         Bailey (visited)           IceCv (visited)
Gauntlet (visited)

Altars:
Ashenzari
Cheibriados
Dithmenos
Elyvilon
Fedhas
Gozag
Hepliaklqana
Kikubaaqudgha
Makhleb
Nemelex Xobeh
Okawaru
Qazlal
Ru
Sif Muna
Trog
Uskayaw
Vehumet
Wu Jian
Xom
Yredelemnul
Zin
The Shining One
Jiyva

Shops:
D:9 :   Orc:1 *   Orc:2 ?!(   Elf:2 [   Elf:3 (=

Annotations:
D:2 Crazy Yiuf
D:11 1 runed translucent door
Lair:5 relicbr's ghost, journeyman MiGl
Elf:1 7 runed translucent doors, IdlyInterested's ghost, adept DsGl


Innate Abilities, Weirdness & Mutations

Your life essence is reduced to manifest your ancestor. (-10% HP)
You are immune to sickness and miasma.
Your stone body is resilient. (AC +15)
You are immune to poison.
Your large and strong wings let you fly.
You resist negative energy. (rN+)
You are resistant to electric shocks. (rElec)
You are resistant to unholy torment.
You are immune to petrification.


Message History

Unknown command.
Fire: F) +9 longbow of the Rattlesnake {drain, rF+++ Str+2 Int-4}
Press: ? - help, Shift-Dir - straight line, f/p - ghostly deep elf high priest
Aim: a ghostly deep elf high priest, wielding a +0 short sword (acidic fog, moderately damaged, brilliance aura, covered in acid, 74% to hit)
You shoot an arrow. The arrow hits the deep elf sorcerer!
The deep elf sorcerer is almost dead.
Something seems to be corroded for longer.
Reactivating autopickup.
You feel a bit more experienced.
The deep elf sorcerer is engulfed in acidic fog.
The deep elf sorcerer seems to be corroded for longer.
The deep elf sorcerer gestures at you while chanting.
The sphere of damnation explodes!
The damnation engulfs you!!!
* * * LOW HITPOINT WARNING * * *
The deep elf sorcerer is engulfed in acidic fog.
The deep elf sorcerer seems to be corroded for longer.
The ghostly deep elf high priest is engulfed in acidic fog.
The ghostly deep elf high priest seems to be corroded for longer.
The ghostly deep elf high priest mumbles some strange prayers to its god against you.
Something smites you!
* * * LOW HITPOINT WARNING * * *
You hear a shout!
Unknown command.
Okay, then.
Okay, then.
As you read the scroll of fear, it crumbles to dust.
You assume a fearsome visage.
The ghostly deep elf high priest is unaffected.
The deep elf elementalist easily resists.
The deep elf sorcerer resists with some effort. x2
The deep elf sorcerer is engulfed in acidic fog.
The deep elf sorcerer seems to be corroded for longer.
You kill the deep elf sorcerer!
The deep elf sorcerer is engulfed in acidic fog.
The deep elf sorcerer seems to be corroded for longer.
You kill the deep elf sorcerer!
The deep elf elementalist is engulfed in acidic fog.
The deep elf elementalist gestures at you while chanting.
The freezing blast engulfs you!!
You die...

.......##.)..........#..##...##.#
)......##.#..#....).)###.#...#R##
#####..##.#..#......<###..###.##
.........).).#.............#..#
################.##############
### #.# ..# #.# ..# #.# ..## #@#
...# #.# ..## #§# ∩.# e§§ ..#
.§e§e ### .§§§§.. .# ..§§§§...
### ....§§§.... ..# e............


You could see a deep elf elementalist (empowered, repels missiles) and a ghostly
deep elf high priest (brilliance aura, corroded).

Vanquished Creatures
  A bone dragon (Swamp:4)
  Rupert (Lair:3)
  Mlioglotl (Swamp:1)
  A thorn hunter (Swamp:3)
  Donald (Spider:2)
  Kirke (Lair:3)
  2 deep elf sorcerers (Elf:3)
  A fire giant (D:15)
  4 emperor scorpions (Spider:4)
  An orc warlord (Orc:1)
  Aizul (Swamp:2)
  A ghost moth (Spider:4)
  An angel (D:14)
  A broodmother (Spider:4)
  4 eleionomae
  A minotaur (Gauntlet)
  3 spark wasps
  6 bunyips
  Snorg (D:14)
  A fire dragon (Lair:5)
  Josephine (Spider:1)
  A deep elf death mage (Elf:3)
  3 deep elf high priests (Elf:1)
  A yaktaur captain (D:14)
  Erolcha (D:10)
  12 hydras
  4 centaur warriors
  7 alligators
  A radroach (Spider:3)
  A ghost crab (Swamp:3)
  2 jorogumos (Spider:2)
  5 boulder beetles
  5 death yaks (Lair:5)
  2 two-headed ogres
  21 dancing weapons
  3 tengu warriors
  2 orc high priests (Orc:2)
  12 deep elf knights
  A fire crab (shapeshifter) (D:13)
  Nergalle (D:10)
  A fire crab (Lair:5)
  2 skysharks
  3 pharaoh ants
  5 goliath frogs
  6 orb spiders
  2 swamp dragons
  8 deep elf archers
  3 spriggan druids
  A death drake (Swamp:4)
  2 lindwurms (Lair:5)
  2 spectral hydras (Swamp:4)
  7 bog bodies
  2 phantasmal warriors (Swamp:4)
  5 steelbarb worms
  19 deep elf zephyrmancers
  19 ugly things
  8 wolf spiders
  6 orc sorcerers
  5 orc knights
  An oklob plant (Lair:4)
  13 deep elf pyromancers
  3 cyclopes
  A manticore (D:12)
  4 will-o-the-wisps
  5 moths of wrath
  13 elephants
  2 ice statues (IceCv)
  7 black mambas
  A black mamba (shapeshifter) (Elf:1)
  A smoke demon (Gauntlet)
  A torpor snail (Spider:4)
  10 cane toads
  2 molten gargoyles (Lair:5)
  7 demonic crawlers
  An unseen horror (D:12)
  An efreet (D:15)
  2 yaktaurs (D:14)
  10 komodo dragons
  3 swamp worm zombies (Swamp:4)
  A rime drake (Lair:1)
  A tengu conjurer (Gauntlet)
  A kobold demonologist (D:12)
  An ice devil (IceCv)
  3 freezing wraiths
  3 polar bears
  8 trolls
  A red devil (Gauntlet)
  A meliai (shapeshifter) (Elf:2)
  A tarantella (shapeshifter) (D:14)
  3 bloated husks
  4 hornets
  2 hydra zombies (Swamp:4)
  3 meliai (Spider:4)
  A tyrant leech (Lair:3)
  25 tarantellas
  8 blink frogs
  8 slime creatures
  An alligator zombie (Swamp:4)
  12 jumping spiders
  9 shadows
  A centaur simulacrum (D:11)
  5 wyverns
  3 wraiths
  15 culicivoras
  3 hogs (Lair:3)
  31 yaks
  4 spriggans
  A dire elephant simulacrum (IceCv)
  3 air elementals
  3 water elementals
  A human (Lair:3)
  5 fire elementals
  10 vampire mosquitoes
  9 basilisks
  6 steam dragons
  2 wargs (Orc:2)
  33 redbacks
  12 swamp worms
  4 hell hounds (Lair:5)
  A hydra simulacrum (IceCv)
  2 acid dragons
  9 water moccasins
  4 swamp drakes
  32 orc warriors
  2 ice beasts
  3 sky beasts (D:7)
  A black bear (Lair:2)
  A black bear (shapeshifter) (D:14)
  5 ogres
  8 wolves
  13 centaurs
  A kobold brigand (D:4)
  7 phantoms (Swamp:4)
  7 bullfrogs
  2 earth elementals
  A two-headed ogre simulacrum (IceCv)
  A cane toad simulacrum (IceCv)
  4 scorpions
  An elephant simulacrum (IceCv)
  6 howler monkeys
  7 electric eels
  4 crimson imps (Gauntlet)
  4 lava snakes (Lair:5)
  3 jellies
  A gnoll bouda (D:10)
  5 hounds
  24 orc priests
  Ijyb (D:4)
  Terence (D:3)
  19 orc wizards
  3 sleepcaps
  2 spectral swamp drakes (Swamp:4)
  8 iguanas
  A polar bear simulacrum (IceCv)
  2 spriggan simulacra (IceCv)
  A troll simulacrum (IceCv)
  A wolf simulacrum (IceCv)
  11 gnolls
  3 swamp drake zombies (Swamp:4)
  10 adders
  A naga simulacrum (IceCv)
  A shadow imp (D:4)
  3 white imps
  2 ufetubi
  2 worms
  3 dart slugs
  78 orcs
  13 ball pythons
  8 endoplasms
  2 giant cockroaches
  16 goblins
  8 hobgoblins
  3 jackals (D:2)
  5 quokkas
  7 bats
  3 frilled lizards
  16 kobolds
  4 rats
959 creatures vanquished.

Vanquished Creatures (collateral kills)
  2 deep elf blademasters
  3 emperor scorpions (Spider:4)
  Roxanne (Swamp:1)
  3 ghost moths (Spider:4)
  A broodmother (Spider:1)
  A deep elf annihilator (Elf:1)
  2 spark wasps
  3 entropy weavers
  Harold (Orc:1)
  A hydra (Swamp:4)
  7 dancing weapons
  An alligator (Swamp:3)
  A two-headed ogre (D:9)
  An orc high priest (Orc:2)
  9 deep elf knights
  3 spriggans
  A skyshark (Lair:3)
  A pharaoh ant (Spider:3)
  2 orb spiders
  4 deep elf archers
  A spriggan druid (Swamp:3)
  A swamp dragon (Swamp:3)
  An orc knight (Orc:2)
  3 steelbarb worms
  7 wolf spiders
  5 deep elf pyromancers
  A will-o-the-wisp (Swamp:1)
  A manticore (D:11)
  A black mamba (Lair:5)
  An elephant (Lair:5)
  4 demonic crawlers
  2 cane toads
  2 torpor snails (Spider:4)
  A komodo dragon (Lair:5)
  A yaktaur (shapeshifter) (D:15)
  3 ice devils (IceCv)
  2 hydra zombies (Swamp:4)
  5 tarantellas
  2 trolls
  A tyrant leech (Swamp:3)
  2 hornets
  An alligator zombie (Swamp:4)
  3 blink frogs
  5 jumping spiders
  4 culicivoras
  3 air elementals
  3 wraiths (Spider:1)
  A water elemental (D:11)
  A basilisk (Lair:5)
  11 yaks
  A steam dragon (D:7)
  A yak (shapeshifter) (D:15)
  7 redbacks
  3 vampire mosquitoes
  A water moccasin (Lair:1)
  3 orc warriors
  A swamp drake (Swamp:3)
  An ogre (Orc:2)
  3 swamp dragon zombies (Swamp:4)
  2 wolves (D:11)
  A bullfrog (Lair:3)
  A cane toad simulacrum (IceCv)
  A scorpion (D:6)
  2 howler monkeys (D:11)
  An electric eel (Spider:2)
  A lava snake (Lair:5)
  2 hounds
  4 orc wizards
  A spectral swamp drake (Swamp:4)
  2 gnolls
  2 naga simulacra (IceCv)
  An ufetubus (IceCv)
  17 orcs
  2 goblins
  A hobgoblin (D:10)
  A kobold (Bailey)
190 creatures vanquished.

Vanquished Creatures (others)
  An emperor scorpion (Spider:4)
  4 deep elf knights
  A deep elf zephyrmancer (Elf:3)
  A will-o-the-wisp (Swamp:4)
  A human (Lair:3)
  A sky beast (D:7)
  26 knights
  4 ancestors
  A bush (Lair:5)
  10 foxfires
  23 fungi
  28 plants
  A snaplasher vine (Elf:2)
102 creatures vanquished.

Grand Total: 1251 creatures vanquished

Notes
Turn   | Place    | Note
-------+----------+-------------------------------------------
     0 | D:1      | hikkokomori the Gargoyle Hunter began the quest for the
                  | Orb.
     0 | D:1      | Reached XP level 1. HP: 12/12 MP: 1/1
   183 | D:1      | Reached XP level 2. HP: 18/18 MP: 2/2
   582 | D:1      | Reached XP level 3. HP: 22/22 MP: 3/3
  1312 | D:2      | Reached XP level 4. HP: 27/28 MP: 4/4
  1605 | D:2      | Found a runed translucent door.
  1606 | D:2      | Noticed Crazy Yiuf
  1971 | D:3      | Noticed an ice beast
  1996 | D:3      | Killed an ice beast
  1997 | D:3      | Reached skill level 5 in Ranged Weapons
  1997 | D:3      | Reached XP level 5. HP: 19/33 MP: 5/5
  2353 | D:3      | Found a faded altar of an unknown god.
  2359 | D:3      | You fall into a shaft and drop 2 floors!
  2359 | D:5      | Entered Level 5 of the Dungeon
  2387 | D:5      | Reached XP level 6. HP: 38/38 MP: 6/6
  2612 | D:4      | Noticed Ijyb
  2613 | D:4      | Paralysed by Ijyb for 4 turns
  2633 | D:4      | Killed Ijyb
  2753 | D:3      | Noticed Terence
  2769 | D:3      | Killed Terence
  3096 | D:4      | Reached XP level 7. HP: 33/44 MP: 7/7
  3200 | D:4      | Reached skill level 5 in Fighting
  3309 | D:4      | Identified the +4 long sword of the End {venom, Str+2
                  | Dex+3}
  3382 | D:4      | Reached skill level 5 in Stealth
  4080 | D:5      | Found a stormy altar of Qazlal.
  4083 | D:5      | Identified the +2 chain mail of Koiq {rPois}
  4332 | D:5      | Identified the +0 pair of gloves of Necwy {*Slow rPois rF+
                  | Regen+}
  4521 | D:5      | Found a glowing golden altar of the Shining One.
  4561 | D:5      | Reached XP level 8. HP: 51/51 MP: 8/8
  4756 | D:5      | Found a staircase to the Ecumenical Temple.
  4885 | Temple   | Entered the Ecumenical Temple
  5182 | Temple   | Learned a level 6 spell: Summon Cactus Giant
  5203 | Temple   | Became a worshipper of Hepliaklqana the Forgotten
  5405 | D:6      | Reached skill level 1 in Summonings
  5747 | D:6      | Reached * piety under Hepliaklqana
  5928 | D:7      | Reached skill level 1 in Invocations
  5965 | D:7      | Reached XP level 9. HP: 46/51 MP: 10/10
  6548 | D:7      | Noticed a troll
  6555 | D:7      | Killed a troll
  6556 | D:7      | Reached skill level 5 in Invocations
  6556 | D:7      | Reached XP level 10. HP: 43/58 MP: 13/13
  7092 | D:8      | Found a runed translucent door.
  7721 | D:9      | Reached ** piety under Hepliaklqana
  7722 | D:9      | Remembered your ancestor Ankhesenamen as a knight
  7828 | D:9      | Found Sampeg's Book Shoppe.
  7835 | D:9      | Bought a book of Changes for 234 gold pieces
  7840 | D:9      | Learned a level 2 spell: Wereblood
  7887 | D:9      | Reached skill level 1 in Evocations
  7893 | D:9      | Reached skill level 1 in Transmutations
  7959 | D:9      | Reached XP level 11. HP: 61/63 MP: 15/15
  8306 | D:9      | Noticed a two-headed ogre
  8312 | D:9      | Killed a two-headed ogre
  8447 | D:9      | Reached *** piety under Hepliaklqana
  8740 | D:10     | Entered Level 10 of the Dungeon
  8803 | D:10     | Noticed Nergalle
  8824 | D:10     | Killed Nergalle
  8825 | D:10     | Reached skill level 10 in Fighting
  8920 | D:10     | Noticed Erolcha
  8938 | D:10     | Killed Erolcha
  8939 | D:10     | Reached skill level 10 in Ranged Weapons
  9071 | D:10     | Found a flagged portal.
  9088 | Bailey   | Entered a bailey
  9113 | Bailey   | Noticed an orc knight
  9138 | Bailey   | Killed an orc knight
  9230 | Bailey   | Noticed an orc knight
  9240 | Bailey   | Killed an orc knight
  9600 | D:10     | Noticed a two-headed ogre
 10136 | D:11     | Noticed a cyclops
 10143 | D:11     | Killed a cyclops
 10144 | D:11     | Reached XP level 12. HP: 45/71 MP: 16/16
 10172 | D:11     | Reached **** piety under Hepliaklqana
 10553 | D:11     | Found a staircase to the Lair.
 10617 | D:11     | Noticed a two-headed ogre
 10627 | D:11     | Killed a two-headed ogre
 10628 | D:11     | Reached skill level 5 in Evocations
 10694 | D:11     | Reached skill level 5 in Dodging
 10737 | D:11     | Found a runed translucent door.
 10866 | D:11     | Noticed a centaur warrior
 10867 | D:11     | Noticed a tengu warrior
 10867 | D:11     | Noticed a sphinx
 11021 | Lair:1   | Entered Level 1 of the Lair of Beasts
 11158 | Lair:1   | Reached skill level 1 in Spellcasting
 11526 | Lair:1   | Identified the +4 quarterstaff of Fiogru {drain, rN+ MP+9
                  | Dex-2}
 11954 | Lair:2   | You are sucked into a shaft and drop 2 floors!
 12085 | Lair:4   | Reached XP level 13. HP: 55/76 MP: 15/17
 12444 | Lair:4   | Learned a level 5 spell: Summon Forest
 12470 | Lair:4   | Reached ***** piety under Hepliaklqana
 13002 | Lair:3   | Reached skill level 1 in Armour
 13102 | Lair:3   | Noticed Kirke
 13117 | Lair:3   | Killed Kirke
 13659 | Lair:3   | Found a staircase to the Swamp.
 13682 | Lair:3   | Found a hole to the Spider Nest.
 13741 | Lair:3   | Noticed Rupert
 13761 | Lair:3   | Paralysed by Rupert for 5 turns
 13768 | Lair:3   | Killed Rupert
 14172 | Lair:5   | Entered Level 5 of the Lair of Beasts
 14519 | Lair:5   | Gained mutation: Your large and strong wings let you fly.
                  | [Gargoyle growth]
 14519 | Lair:5   | Reached XP level 14. HP: 72/82 MP: 19/19
 14597 | Lair:5   | Found a viscous altar of Jiyva.
 14598 | Lair:5   | Found a staircase to the Slime Pits.
 14841 | Lair:5   | Found a large runed translucent door.
 14841 | Lair:5   | Found a large runed translucent door.
 14877 | Lair:5   | Reached skill level 5 in Armour
 15042 | Lair:5   | Reached skill level 5 in Summonings
 15296 | Lair:5   | Found a runed translucent door.
 15297 | Lair:5   | Noticed relicbr's ghost (journeyman MiGl)
 16000 | Lair:4   | Identified a scroll of acquirement
 16001 | Lair:4   | Acquired the +9 longbow of the Rattlesnake {drain, rF+++
                  | Str+2 Int-4}
 16347 | Lair:2   | Reached ****** piety under Hepliaklqana
 17034 | D:11     | Noticed a frost giant
 17122 | D:12     | Found a gate leading to a gauntlet.
 17169 | Gauntlet | Entered a Gauntlet
 17169 | Gauntlet | Found a transporter.
 17169 | Gauntlet | Found a transporter.
 17169 | Gauntlet | Found a runed translucent door.
 17169 | Gauntlet | Found a runed translucent door.
 17176 | Gauntlet | Found a transporter.
 17190 | Gauntlet | Found a transporter.
 17211 | Gauntlet | Found a transporter.
 17211 | Gauntlet | Found a transporter.
 17213 | Gauntlet | Found a transporter.
 17216 | Gauntlet | Found a transporter.
 17216 | Gauntlet | Found a transporter.
 17236 | Gauntlet | Found a transporter.
 17251 | Gauntlet | Found a runed translucent gate.
 17252 | Gauntlet | Found a transporter.
 17252 | Gauntlet | Found a runed translucent gate.
 17253 | Gauntlet | Found a runed translucent gate.
 17262 | Gauntlet | Found a transporter.
 17277 | Gauntlet | Found a transporter.
 17302 | Gauntlet | Found a transporter.
 17372 | Gauntlet | Identified the ring of the Rabble {rN+++ Will+ EV+5 Int+4
                  | Stlth-}
 17452 | Gauntlet | Identified the amulet "Zufyarph" {Regen+ Int+3 Dex+3}
 17510 | Gauntlet | Got the Tome of the Impact
 17642 | D:12     | Reached XP level 15. HP: 70/86 MP: 22/22
 17682 | D:12     | Found a staircase to the Orcish Mines.
 17772 | D:12     | Identified the +8 ring mail of Evvasch {Dex+2}
 17885 | D:12     | Reached skill level 5 in Spellcasting
 17956 | D:12     | Found the +1 robe of Vines {NoPotionHeal Regen++++}
 18022 | D:12     | Identified the +0 robe of Aluvuq {rPois rN+ Str+3 Stlth+}
 18395 | Orc:1    | Entered Level 1 of the Orcish Mines
 18502 | Orc:2    | Entered Level 2 of the Orcish Mines
 18528 | Orc:2    | Noticed an orc warlord
 18549 | Orc:1    | Killed an orc warlord
 18768 | Orc:2    | Found a staircase to the Elven Halls.
 18929 | Orc:2    | Found Kaafarr's Magic Scroll Shoppe.
 18929 | Orc:2    | Found Bufuc's Weapon Boutique.
 18931 | Orc:2    | Found Zufiw's Assorted Antiques.
 18931 | Orc:2    | Found Bocog's Distillery.
 18937 | Orc:2    | Bought a scroll of enchant armour for 105 gold pieces
 18937 | Orc:2    | Bought a scroll of enchant weapon for 105 gold pieces
 18937 | Orc:2    | Bought a scroll of teleportation for 42 gold pieces
 18937 | Orc:2    | Bought a scroll of fear for 56 gold pieces
 18947 | Orc:2    | Bought a potion of experience for 600 gold pieces
 18947 | Orc:2    | Reached XP level 16. HP: 92/92 MP: 22/24
 19012 | Orc:1    | Noticed Harold
 19022 | Orc:1    | Killed Harold
 19038 | Orc:1    | Found Rejed's Mayhem Merchandise.
 19357 | D:13     | Found a frozen archway.
 19371 | IceCv    | Entered an ice cave
 19842 | D:13     | Found a bloodstained altar of Trog.
 20285 | D:14     | Found a gate to the Vaults.
 20486 | D:14     | Noticed Snorg
 20495 | D:14     | Killed Snorg
 20950 | D:14     | Found a glowing silver altar of Zin.
 21007 | D:15     | Entered Level 15 of the Dungeon
 21017 | D:15     | Found a staircase to the Depths.
 21227 | D:15     | Reached XP level 17. HP: 98/98 MP: 25/25
 21702 | Swamp:1  | Entered Level 1 of the Swamp
 21794 | Swamp:1  | Noticed Mlioglotl
 21804 | Swamp:1  | Killed Mlioglotl
 21930 | Swamp:1  | Identified the ring of Asceticism {*Slow rCorr MP+9 Str+4
                  | Dex+4}
 22001 | Swamp:1  | Identified Roxanne's Guide on the Cwm
 22001 | Swamp:1  | Noticed Roxanne
 22016 | Swamp:1  | Killed Roxanne
 22230 | Swamp:2  | Reached skill level 10 in Dodging
 22389 | Swamp:2  | Noticed Aizul
 22421 | Swamp:2  | Killed Aizul
 23115 | Swamp:3  | Reached skill level 15 in Ranged Weapons
 23203 | Swamp:4  | Entered Level 4 of the Swamp
 23210 | Swamp:4  | Reached skill level 10 in Summonings
 23746 | Swamp:4  | Noticed a bone dragon
 23758 | Swamp:4  | Killed a bone dragon
 23759 | Swamp:4  | Reached XP level 18. HP: 103/106 MP: 26/26
 23873 | Swamp:4  | Got a decaying rune of Zot
 24050 | Spider:1 | Entered Level 1 of the Spider Nest
 24052 | Spider:1 | Noticed Josephine
 24064 | Spider:1 | Killed Josephine
 24105 | Spider:1 | Reached skill level 15 in Fighting
 24265 | Spider:1 | You are sucked into a shaft and drop 1 floor!
 24302 | Spider:2 | Learned a level 5 spell: Freezing Cloud
 24442 | Spider:2 | Noticed Donald
 24451 | Spider:2 | Killed Donald
 24674 | Spider:2 | Reached skill level 1 in Conjurations
 26196 | Spider:4 | Entered Level 4 of the Spider Nest
 26568 | Spider:4 | Identified the staff of fire "Gaer" {rF+ Will+ Int+4}
 26594 | Spider:4 | Found a hide-covered altar of Uskayaw.
 26865 | Spider:4 | Reached XP level 19. HP: 112/112 MP: 1/29
 27072 | Spider:4 | Got a gossamer rune of Zot
 27784 | Elf:1    | Entered Level 1 of the Elven Halls
 27785 | Elf:1    | Upgraded the game from 0.30-a0-924-g0ad0bf95bc to
                  | 0.30-a0-930-gb9d0489357
 27794 | Elf:1    | Paralysed by an air elemental for 1 turns
 27949 | Elf:1    | Reached skill level 5 in Conjurations
 27972 | Elf:1    | Found a runed translucent door.
 27984 | Elf:1    | Noticed IdlyInterested's ghost (adept DsGl)
 28151 | Elf:1    | Found a runed translucent gate.
 28151 | Elf:1    | Found a runed translucent gate.
 28151 | Elf:1    | Found a runed translucent gate.
 28151 | Elf:1    | Found a runed translucent gate.
 28151 | Elf:1    | Found a runed translucent gate.
 28152 | Elf:1    | Found a runed translucent gate.
 28336 | Elf:1    | Reached skill level 10 in Evocations
 28687 | Elf:1    | Upgraded the game from 0.30-a0-930-gb9d0489357 to
                  | 0.30-a0-953-g5f1da4a474
 28849 | Elf:2    | Reached skill level 10 in Stealth
 28861 | Elf:2    | Found Isuttoc's Antique Armour Shoppe.
 29088 | Elf:2    | Found a runed translucent gate.
 29089 | Elf:2    | Found a runed translucent gate.
 29089 | Elf:2    | Found a runed translucent gate.
 29626 | Elf:2    | Reached XP level 20. HP: 118/118 MP: 32/32
 29851 | Elf:3    | Entered Level 3 of the Elven Halls
 29925 | Elf:3    | Found Haoxkune's Weapon Emporium.
 29965 | Elf:3    | Found Izosaf's Jewellery Shoppe.
 30169 | Elf:3    | Identified the staff of cold "Hec Gebbi" {rC+ rN+++ Str+4
                  | Stlth-}
 30175 | Elf:3    | Killed from afar by a deep elf elementalist

Illustrated notes

Levels and vault maps discovered:
D:1:      wander_arrival_fairy_ring, layout_loops_corners
D:2:      layout_loops_ring, chequers_big_river, uniq_crazy_yiuf_cottage
D:3:      layout_basic, nicolae_ecumenical_snake_handling, serial_bayou_pond_c,
          uniq_terence
D:4:      layout_loops_corners, minmay_manual_monolith, uniq_ijyb
D:5:      layout_basic, nicolae_qazlal_scattered_showers, tso_oasis_becter,
          temple_hall, serial_corexii_hall, corexii_hall_statues_t,
          corexii_hall_statues_l, minmay_statues_item
D:6:      layout_cave_pools, nicolae_underground_beach
D:7:      minmay_chambers_of_sevens, layout_basic, minmay_misc_feat_enclosed,
          dreamdust_wishing_well, st_stairs_11, moated_statue,
          kennysheep_diamond
D:8:      layout_loops_ring, kennysheep_cluttered_room, lightli_church_of_beogh
D:9:      layout_stronghold, serial_shops, nicolae_diamond_shop,
          chequers_hall_statues_y
D:10:     layout_loops_corners, enter_bailey_4, uniq_nergalle, uniq_erolcha
D:11:     layout_irregular_city, erik_lair_island, minivault_13
D:12:     layout_loops_ring, erik_orc_3, gauntlet_entry_generic,
          hellmonk_guarded_unrand_vines
D:13:     layout_loops_cross, portal_ice_cave_entry_pillars_2,
          trog_butcher_becter
D:14:     layout_irregular_city, david_vaults_2, minivault_25, minivault_14,
          zin_angel, uniq_snorg
D:15:     grunt_enter_depths_giant_problem, layout_rooms, minmay_hedge_maze,
          st_stairs_14, corexii_checkpoint_a
Temple:   mainiacjoe_temple_cubbyholes
Lair:1:   layout_roguey
Lair:2:   layout_cave_pods, grunt_forest_stairs_clearing, grunt_megastairs_4
Lair:3:   layout_layer_cave, minmay_swamp_entry_worms, spider_nest_entry_webs,
          lemuel_fruit_tree, uniq_kirke, uniq_rupert
Lair:4:   layout_roguey
Lair:5:   cheibrodos_lair_end_hotspot, layout_layer_cave,
          nicolae_slime_entry_slimehenge, gammafunk_ghost_grave
Swamp:1:  layout_falls_marsh, evilmike_swamp_ruin_house_3, swamp_pool5,
          uniq_mlioglotl, uniq_roxanne
Swamp:2:  layout_falls_marsh, nicolae_swamp_feature_on_the_river_bank,
          uniq_aizul
Swamp:3:  layout_basic_swamp, evilmike_swamp_ruin_house_6
Swamp:4:  swamp_pestilence, layout_basic_swamp
Spider:1: nicolae_spider_mines_2, nicolae_spider_webs_and_nodes, uniq_josephine
Spider:2: layout_chambers, nicolae_spider_bzzzt, uniq_donald
Spider:3: layout_spider_delve, nicolae_spider_bug_shape
Spider:4: grunt_spider_rune_circles, nicolae_spider_altar_of_dancing
Orc:1:    layout_caves, minmay_shop_mayhem, mines2_david, uniq_harold
Orc:2:    grunt_orc_tribal_feast, layout_caves
Elf:1:    layout_gridlike, ebering_ghost_inner_flame, orc_legates
Elf:2:    nicolae_elf_blades_crystal_corner, layout_gridlike, serial_shops,
          nicolae_stop_n_shop_2
Elf:3:    elf_hall, layout_loops_cross, serial_shops,
          nicolae_shop_window_shopping, nicolae_shop_statue_plus,
          nicolae_shop_crystal, shop, nicolae_square_shop, item_on_display_a

Skill      XL: |  1  2  3  4  5  6  7  8  9 10 11 12 13 14 15 16 17 18 19 |
---------------+----------------------------------------------------------+-----
Stealth        | 2 3 4 5 7 9 10 | 10.7
Fighting       | 3 4 5 7 8 9 10 11 12 13 14 15 16 | 16.7
Ranged Weapons | 5 6 7 8 9 10 11 12 13 14 15 16 | 16.9
Summonings     | 1 4 6 7 8 10 11 12 | 12.4
Invocations    | 2 5 6 7 |  7.6
Evocations     | 2 4 6 7 8 9 10 | 10.6
Dodging        | 2 4 5 7 8 9 10 11 | 11.2
Transmutations | 1 3 4 |  4.7
Spellcasting   | 2 3 4 5 7 8 |  8.9
Armour         | 4 6 7 |  7.0
Translocations | 2 |  2.6
Conjurations   | 4 5 |  5.7

Action                     |  1- 3 |  4- 6 |  7- 9 | 10-12 | 13-15 | 16-18 | 19-21 || total
---------------------------+-------+-------+-------+-------+-------+-------+-------++-------
  Melee: Unarmed           |       |     1 |       |       |     1 |       |       ||     2
         Longbow           |       |       |       |       |       |     4 |       ||     4
   Fire: Shortbow          |   115 |   162 |   370 |   748 |   702 |       |       ||  2097
         Longbow           |       |       |       |       |   428 |  1550 |   515 ||  2493
   Cast: Wereblood         |       |       |       |    11 |    25 |    32 |     4 ||    72
         Summon Cactus Gia |       |       |       |       |       |       |     7 ||     7
         Summon Forest     |       |       |       |       |       |       |     1 ||     1
 Invoke: Recall Ancestor   |       |       |       |     2 |     2 |     1 |       ||     5
         Ancestor Life: Kn |       |       |       |     1 |       |       |       ||     1
         Idealise          |       |       |       |       |       |     1 |       ||     1
         Transference      |       |       |       |       |       |       |     1 ||     1
  Evoke: Wand              |       |       |       |     8 |    11 |     1 |     1 ||    21
         Condenser vane    |       |       |       |       |     2 |     2 |     2 ||     6
    Use: Potion            |       |       |     3 |       |     2 |       |       ||     5
         Scroll            |       |       |     1 |    20 |    10 |     5 |     1 ||    37
   Stab: Sleeping          |       |     1 |       |       |       |       |       ||     1
 Armour: Leather armour    |    23 |    57 |    75 |       |       |       |       ||   155
         Skin              |       |       |    11 |       |       |       |       ||    11
         Steam dragon scal |       |       |    20 |   148 |   306 |       |       ||   474
         Robe              |       |       |       |       |    41 |   361 |    70 ||   472
  Dodge: Dodged            |    37 |    63 |    88 |   189 |   612 |  1276 |   208 ||  2473
  Block: Other             |       |       |    64 |    80 |     7 |       |       ||   151
         Reflection        |       |       |     2 |     2 |       |       |       ||     4

Table legend: (Time is in decaauts)
 A = Elapsed time spent in this place.
 B = Non-inter-level travel time spent in this place.
 C = Inter-level travel time spent in this place.
 D = Time resting spent in this place.
 E = Time spent auto-exploring this place.
 F = Levels seen in this place.
 G = Mean time per level.
                   A        B        C        D        E       F      G
               +--------+--------+--------+--------+--------+-----+--------+
         Total |  29988 |  28230 |   1758 |    771 |  19992 |  37 |  810.5 |
       Dungeon |  13606 |  12896 |    710 |    354 |   9638 |  15 |  907.1 |
        Temple |    360 |    297 |     63 |      0 |    289 |   1 |  360.0 |
          Lair |   6121 |   5646 |    475 |    159 |   4131 |   5 | 1224.2 |
         Swamp |   2242 |   2079 |    163 |     66 |   1329 |   4 |  560.5 |
   Spider Nest |   3481 |   3313 |    168 |      0 |   2426 |   4 |  870.2 |
  Orcish Mines |    953 |    856 |     97 |      0 |    578 |   2 |  476.5 |
   Elven Halls |   2304 |   2223 |     81 |    165 |   1428 |   3 |  768.0 |
        Bailey |    334 |    334 |      0 |      0 |    105 |   1 |  334.0 |
      Ice Cave |    209 |    209 |      0 |     14 |     56 |   1 |  209.0 |
      Gauntlet |    374 |    374 |      0 |     13 |     11 |   1 |  374.0 |
               +--------+--------+--------+--------+--------+-----+--------+

Top non-repeatable levels by time:
  Lair:5: 1741 daAuts
  Lair:3: 1250 daAuts
     D:4: 1242 daAuts
  Lair:4: 1127 daAuts
Spider:2: 1119 daAuts
   Elf:2: 1094 daAuts
     D:8: 1086 daAuts
  Lair:2: 1064 daAuts
     D:5: 1058 daAuts
    D:11: 1045 daAuts
     D:9: 1027 daAuts
    D:10: 1025 daAuts
    D:12: 1020 daAuts
     D:1: 996 daAuts
Spider:4: 972 daAuts
